 Dungeon Crawl Stone Soup version 0.30-a0-630-g881e3bac89 (webtiles) character file.

Game seed: 3333399994505273895

91 Citaku the Covered (level 4, -7/40 HPs)
             Began as a Minotaur Fighter on Jan 13, 2023.
             Killed by nerve-wracking pain
             ... invoked by an orc priest
              (8 damage)
             ... on level 3 of the Dungeon.
             The game lasted 00:02:41 (1937 turns).

Citaku the Covered (Minotaur Fighter)               Turns: 1937, Time: 00:02:42

Health: -7/40      AC:  8    Str: 23    XL:     4   Next: 33%
Magic:  3/3        EV:  9    Int:  5    God:
Gold:   80         SH:  4    Dex:  9    Spells: 3/3 levels left

rFire   . . .      SeeInvis .    a - +0 war axe
rCold   + . .      Faith    .    c - +0 buckler
rNeg    . . .      Spirit   .    b - +0 scale mail
rPois   .          Reflect  .    (helmet restricted)
rElec   .          Harm     .    (no cloak)
rCorr   .          Rampage  .    (no gloves)
Will    .....                    i - +0 pair of boots Stlth
                                 (no amulet)
HPRegen 0.26/turn                f - ring of protection from cold
MPRegen 0.08/turn                (no ring)

@: no status effects
A: horns 2, retaliatory headbutt
a: no special abilities


You were on level 3 of the Dungeon.
You visited 1 branch of the dungeon, and saw 3 of its levels.

You collected 80 gold pieces.

Inventory:

Hand Weapons
 a - a +0 war axe (weapon)
Armour
 b - a +0 scale mail (worn)
 c - a +0 buckler (worn)
 i - a +0 pair of boots (worn)
Jewellery
 f - a ring of protection from cold (left hand)
Scrolls
 e - a scroll of immolation {unknown}
 g - 6 scrolls of teleportation {unknown}
 j - 2 scrolls of enchant armour {unknown}
 k - a scroll of noise {unknown}
 o - 2 scrolls of identify {unknown}
 p - a scroll of magic mapping {unknown}
Potions
 d - a potion of might
 h - a potion of lignification {unknown}
 l - a potion of heal wounds {unknown}
 m - a potion of attraction {unknown}
 n - a potion of invisibility {unknown}
 q - a potion of haste {unknown}
 r - a potion of curing {unknown}


   Skills:
 + Level 4.1 Fighting
 * Level 3.7 Axes
 * Level 4.6 Armour
 + Level 4.2 Shields


You had 3 spell levels left.
You didn't know any spells.
Your spell library contained the following spells:

 Spells                   Type           Power      Damage    Failure   Level
 Ignite Poison            Fire/Tmut/Pois 0%         N/A       99%         3
 Kindle Blastsparks       Fire/Tloc/Air  0%         2d10      99%         3
 Cause Fear               Hex            0%         N/A       100%        4
 Freezing Cloud           Conj/Ice/Air   0%         6-21      100%        5
 Dragon Form              Tmut           0%         N/A       100%        7
 Dragon's Call            Summ           0%         N/A       100%        9


Dungeon Overview and Level Annotations

Branches:
Dungeon (3/15)

Altars:


Innate Abilities, Weirdness & Mutations

You have a pair of horns on your head.
You reflexively headbutt those who attack you in melee.


Message History

The orc wizard flickers and vanishes!
Deactivating autopickup; reactivate with Ctrl-A.
You slash the orc!
You kill the orc!
You closely miss the orc priest.
The orc priest calls down the wrath of Beogh upon you.
Pain shoots through your body!
You see here a +2 dagger of flaming.
You hear some strange, mumbled words.
You are confused.
The orc priest hits you with a +0 dagger.
You hear some strange, mumbled words.
Something tries to affect you, but you resist.
The orc priest hits you but does no damage.
You see here a +2 dagger of flaming.
You're too confused to move!
The orc priest hits you with a +0 dagger.
You bump into the rock wall.
Something hits you but does no damage.
The orc priest hits you but does no damage.
You bump into the rock wall.
Something hits you but does no damage.
The orc priest hits you with a +0 dagger.
You bump into the rock wall.
Something hits you but does no damage. The orc priest completely misses you.
You bump into the rock wall.
You feel less confused.
You hear some strange, mumbled words.
A puff of flame appears from out of thin air!
The puff of flame hits you.
The orc priest calls down the wrath of Beogh upon you.
Beogh smites you!
* * * LOW HITPOINT WARNING * * *
You closely miss something. Your headbutt misses something.
You hit the orc priest but do no damage.
You block the orc priest's attack. Something hits you.
* * * LOW HITPOINT WARNING * * *
You closely miss something.
You hit the orc priest but do no damage.
The orc priest invokes the aid of Beogh against you.
Pain shoots through your body!
You die...

##......
##...o...#
#...#o##.#
#........#
##...#.##.#
.>........#
###.##.##.#
###.......########
......<.......o{@#
##........######o#
##.###.#### #.#
##.#..... #..#
##.#.....# #.##
...#.....# #.
####.....# #. #
#.....# #. #######
..


You could see an orc priest and an orc.

Vanquished Creatures
  Jessica (D:2)
  3 worms (D:2)
  A dart slug (D:1)
  2 orcs (D:3)
  2 ball pythons
  3 bats
  6 endoplasms
  3 giant cockroaches
  5 goblins
  8 hobgoblins
  2 jackals (D:1)
  A quokka (D:1)
  4 kobolds
  6 rats
47 creatures vanquished.

Notes
Turn   | Place    | Note
-------+----------+-------------------------------------------
     0 | D:1      | Citaku the Minotaur Fighter began the quest for the Orb.
     0 | D:1      | Reached XP level 1. HP: 19/19 MP: 0/0
   126 | D:1      | Reached XP level 2. HP: 25/27 MP: 1/1
   965 | D:2      | Reached XP level 3. HP: 30/33 MP: 2/2
  1465 | D:2      | Noticed Jessica
  1466 | D:2      | Killed Jessica
  1467 | D:2      | Reached XP level 4. HP: 40/40 MP: 3/3
  1632 | D:2      | Found a faded altar of an unknown god.
  1936 | D:3      | HP: 1/40 [something (2)]
  1937 | D:3      | Killed from afar by an orc priest

Illustrated notes

Levels and vault maps discovered:
D:1:      grunt_arrival_lava_bath, layout_loops_corners
D:2:      layout_basic, dilly_ecumenical_altar_fadedgnrine, uniq_jessica
D:3:      layout_loops_cross, portal_sewer_entry_f

Skill      XL: |  1  2  3 |
---------------+----------+-----
Armour         | 4 |  4.6
Axes           | 3 |  3.7
Shields        | 4 |  4.2
Fighting       | 4 |  4.1

Action                   |  1- 3 |  4- 6 || total
-------------------------+-------+-------++-------
Melee: War axe           |    86 |    15 ||   101
       Headbutt          |     6 |     1 ||     7
Armor: Scale mail        |    53 |    14 ||    67
Dodge: Dodged            |    42 |    11 ||    53
Block: Buckler           |    18 |     3 ||    21

Table legend: (Time is in decaauts)
 A = Elapsed time spent in this place.
 B = Non-inter-level travel time spent in this place.
 C = Inter-level travel time spent in this place.
 D = Time resting spent in this place.
 E = Time spent auto-exploring this place.
 F = Levels seen in this place.
 G = Mean time per level.
                   A        B        C        D        E       F      G
               +--------+--------+--------+--------+--------+-----+--------+
         Total |   1973 |   1907 |     66 |     17 |   1449 |   3 |  657.7 |
       Dungeon |   1973 |   1907 |     66 |     17 |   1449 |   3 |  657.7 |
               +--------+--------+--------+--------+--------+-----+--------+

Top non-repeatable levels by time:
     D:1: 971 daAuts
     D:2: 908 daAuts
     D:3: 94 daAuts
